 Dungeon Crawl Stone Soup version 0.31-a0-366-ga77b45bd9b (webtiles) character file.

Game seed: 13625734338820563317

47 Bnni the Shooter (level 3, -4/25 HPs)
             Began as an Octopode Hunter on July 28, 2023.
             Was a Follower of Ashenzari.
             Slain by Crazy Yiuf
             ... wielding a +3 quarterstaff of chaos
              (10 damage)
             ... on level 2 of the Dungeon.
             The game lasted 00:02:51 (705 turns).

Bnni the Shooter (Octopode Hunter)                   Turns: 705, Time: 00:02:52

Health: -4/25      AC:  1    Str: 10    XL:     3   Next: 70%
Magic:  3/3        EV: 14    Int: 11    God:    Ashenzari [*.....]
Gold:   28         SH:  0    Dex: 17    Spells: 2/2 levels left

rFire   . . .        a - +0 shortbow "Eternal With Me" {Fort, Cun} (curse)
rCold   . . .        (shield currently unavailable)
rNeg    + . .        (helmet restricted)
rPois   .            (no amulet)
rElec   .            d - ring of positive energy
rCorr   .            (no ring)
SInv    .            (no ring)
Will    .....        (no ring)
Stlth   ++++         (no ring)
HPRegen 0.24/turn    (no ring)
MPRegen 0.08/turn    (no ring)
                     (no ring)

%: no passive effects
@: no status effects
A: almost no armour, amphibious, 8 rings, camouflage 1, gelatinous body 1,
(nimble swimmer 1), tentacles
a: Renounce Religion, Shatter the Chains


You were on level 2 of the Dungeon.
You worshipped Ashenzari.
Ashenzari was aware of your devotion.
You visited 1 branch of the dungeon, and saw 2 of its levels.

You collected 28 gold pieces.

Inventory:

Hand Weapons
 a - the cursed +0 shortbow "Eternal With Me" (weapon) {Fort, Cun}

   It has a curse which improves the following skills: Fortitude: Shields.
   Cunning:   Dodging and Stealth.
Jewellery
 d - a ring of positive energy (left tentacle)
Scrolls
 b - a scroll of butterflies
 e - a scroll of fear
Potions
 c - a potion of ambrosia
 f - a potion of curing


   Skills:
 + Level 2.5 Fighting
 * Level 4.7 Ranged Weapons
 - Level 2.0(2.6) Dodging
 + Level 2.6(3.3) Stealth


You had 2 spell levels left.
You didn't know any spells.
Your spell library contained the following spells:

 Spells                   Type           Power      Damage    Failure   Level
 Summon Forest            Summ/Tloc      0%         N/A       100%        5
 Summon Mana Viper        Hex/Summ       0%         N/A       100%        5
 Summon Cactus Giant      Summ           0%         N/A       100%        6


Dungeon Overview and Level Annotations

Branches:
Dungeon (2/15)

Altars:
Ashenzari

Annotations:
D:2 Crazy Yiuf


Innate Abilities, Weirdness & Mutations

You cannot wear most types of armour.
You are amphibious.
You can wear up to eight rings at the same time.
Your skin changes colour to match your surroundings (Stealth+).
Your rubbery body absorbs attacks. (AC +1, EV +1)
((You are camouflaged when in or above water. (Stealth+)))
You have tentacles for arms and can constrict up to eight enemies at once.


Message History

Press: ? - help, Shift-Dir - straight line, f/p - Terence
Aim: Terence, wielding a +0 trident and wearing a +0 scale mail (severely wounded, 66% to hit)
You shoot an arrow. The arrow hits Terence!
You kill Terence!
Unknown command.
You start resting.
HP restored.
Things that are here:
a +0 trident; a +0 scale mail; the human corpse of Terence
Found a runed translucent door.
You open the door. You shoot an arrow.
The arrow hits Crazy Yiuf but does no damage.
You shoot an arrow. The arrow barely misses Crazy Yiuf.
Crazy Yiuf screams, "Mama Orb Guardian agre!"
Crazy Yiuf closely misses you.
You shoot an arrow. The arrow barely misses Crazy Yiuf.
Crazy Yiuf screams, "Snurf!"
Crazy Yiuf hits you with a +3 quarterstaff of chaos!
You shoot an arrow. The arrow hits Crazy Yiuf!
Crazy Yiuf is moderately wounded.
Crazy Yiuf misses you.
You shoot an arrow. The arrow hits Crazy Yiuf.
Crazy Yiuf is severely wounded.
Crazy Yiuf barely misses you.
You shoot an arrow. The arrow hits Crazy Yiuf.
Crazy Yiuf is severely wounded.
Crazy Yiuf says, "Crazy?
Crazy!?
PORCUPINE!"
Crazy Yiuf hits you with a +3 quarterstaff of chaos!
* * * LOW HITPOINT WARNING * * *
You shoot an arrow.
The arrow hits Crazy Yiuf but does no damage.
Crazy Yiuf is severely wounded.
Crazy Yiuf whimpers, "Prologue!
Fluff infinity disdain."
Crazy Yiuf barely misses you.
Crazy Yiuf says, "Blight blue sallow!"
Crazy Yiuf closely misses you.
You shoot an arrow. The arrow closely misses Crazy Yiuf.
Crazy Yiuf hits you with a +3 quarterstaff of chaos!
You die...

##### #..)#
#...# ... #g#
##@# #.##
##.# #.##
##.## #...##
#....# ##..##
### ###....#
#####.#.#####


You could see Crazy Yiuf.

Vanquished Creatures
  Terence (D:2)
  4 endoplasms (D:1)
  A giant cockroach (D:1)
  3 goblins (D:1)
  3 hobgoblins (D:1)
  5 kobolds
  2 ball pythons (D:1)
  A bat (D:1)
  A frilled lizard (D:1)
  3 rats (D:1)
24 creatures vanquished.

Notes
Turn   | Place    | Note
-------+----------+-------------------------------------------
     0 | D:1      | Bnni the Octopode Hunter began the quest for the Orb.
     0 | D:1      | Reached XP level 1. HP: 14/14 MP: 1/1
    71 | D:1      | Found a faded altar of an unknown god.
   103 | D:1      | Prayed at the altar of an unknown god.
   103 | D:1      | Became a worshipper of Ashenzari the Shackled
   116 | D:1      | Reached * piety under Ashenzari
   147 | D:1      | Reached XP level 2. HP: 19/19 MP: 2/2
   478 | D:1      | Reached XP level 3. HP: 25/25 MP: 3/3
   606 | D:2      | Noticed Terence
   619 | D:2      | Killed Terence
   693 | D:2      | Found a runed translucent door.
   693 | D:2      | Identified the +1 hammer "Nyit" {holy, Int+6}
   694 | D:2      | Noticed Crazy Yiuf
   705 | D:2      | Slain by Crazy Yiuf

Illustrated notes

Levels and vault maps discovered:
D:1:      tarquinn_simple_flora_water_c, layout_basic,
          hellmonk_ecumenical_altar_slurped_away
D:2:      layout_basic, uniq_jessica, uniq_terence, uniq_crazy_yiuf_cottage

Skill      XL: |  1  2 |
---------------+-------+-----
Stealth        | 2 |  2.6
Fighting       | |  2.5
Ranged Weapons | |  4.7
Dodging        | |  2.0

Action                     || total
---------------------------++-------
   Fire: Shortbow          ||    56
 Invoke: Curse Item        ||     1
Ability: Begin Untransform ||     1
  Dodge: Dodged            ||    14
   Form: Beast             ||     1

Table legend: (Time is in decaauts)
 A = Elapsed time spent in this place.
 B = Non-inter-level travel time spent in this place.
 C = Inter-level travel time spent in this place.
 D = Time resting spent in this place.
 E = Time spent auto-exploring this place.
 F = Levels seen in this place.
 G = Mean time per level.
                   A        B        C        D        E       F      G
               +--------+--------+--------+--------+--------+-----+--------+
         Total |    714 |    703 |     11 |     56 |    516 |   2 |  357.0 |
       Dungeon |    714 |    703 |     11 |     56 |    516 |   2 |  357.0 |
               +--------+--------+--------+--------+--------+-----+--------+

Top non-repeatable levels by time:
     D:1: 586 daAuts
     D:2: 127 daAuts
